 Dungeon Crawl Stone Soup version 0.29.0-4-gdea44cf6ec (webtiles) character file.

Game seed: 6750954233749196874

406 qw the Chopper (level 6, -1/37 HPs)
             Began as a Tengu Warper on Aug 28, 2022.
             Slain by Pikel
             ... wielding a +2 whip of freezing
              (4 damage)
             ... on level 5 of the Dungeon.
             The game lasted 00:00:30 (5005 turns).

qw the Chopper (Tengu Warper)                       Turns: 5005, Time: 00:00:31

Health: -1/37      AC: 12    Str: 13    XL:     6   Next: 87%
Magic:  10/10      EV:  7    Int: 14    God:
Gold:   226        SH:  0    Dex: 13    Spells: 9/9 levels left

rFire   . . .      SeeInvis +   Y - +1 hand axe (flame)
rCold   . . .      Faith    .   (no shield)
rNeg    . . .      Spirit   .   c - +0 chain mail
rPois   .          Reflect  .   (helmet restricted)
rElec   .          Harm     .   (no cloak)
rCorr   .          Rampage  .   (no gloves)
Will    .....                   (boots unavailable)
Stlth   ..........              n - amulet of regeneration
HPRegen 0.92/turn               h - ring of see invisible
MPRegen 0.12/turn               l - +4 ring of protection

@: flying quickly and evasively, quick
A: beak, talons 3, nimble flight
a: no special abilities


You were on level 5 of the Dungeon.
You visited 1 branch of the dungeon, and saw 5 of its levels.

You collected 226 gold pieces.


Innate Abilities, Weirdness & Mutations

You have a beak for a mouth.
You have claws for feet.
Your magical nature lets you fly swiftly and evasively.


   Skills:
 - Level 3.1 Fighting
 + Level 7.0 Axes
 - Level 1.0 Throwing
 - Level 2.0 Armour
 - Level 2.1 Dodging
 - Level 2.0 Spellcasting
 - Level 2.4 Translocations


You had 9 spell levels left.
You didn't know any spells.
Your spell library contained the following spells:

 Spells                   Type           Power      Damage    Failure   Level
 Blink                    Tloc           16%        N/A       99%         2
 Gell's Gravitas          Tloc           8%         N/A       100%        3
 Lesser Beckoning         Tloc           8%         N/A       100%        3
 Teleport Other           Tloc           8%         N/A       100%        3
 Manifold Assault         Tloc           8%         N/A       100%        5

Inventory:

Hand Weapons
 Y - a +1 hand axe of flaming (weapon)
Missiles
 q - a boomerang (quivered)
Armour
 c - a +0 chain mail (worn)
 e - a scarf of shadows
Jewellery
 a - a ring of positive energy
 f - a ring of fire
 h - a ring of see invisible (left hand)
 k - a +4 ring of evasion
 l - a +4 ring of protection (right hand)
 n - an amulet of regeneration (around neck)
 t - a ring of protection from fire
Scrolls
 b - a scroll of silence {unknown}
 i - 2 scrolls of identify
Potions
 d - a potion of resistance
 g - a potion of might
 j - a potion of heal wounds
 m - 2 potions of haste
 r - 2 potions of curing

Dungeon Overview and Level Annotations

Branches:
Dungeon (5/15)
 Temple: D:4-7

Altars:

Annotations:
D:3 1 runed translucent door, Crazy Yiuf
D:5 Pikel


Message History

You hit the orc. You burn the orc. You hit the lemure but do no damage.
The orc hits you with a +0 dagger. The lemure barely misses you.
The lemure hits you but does no damage.
You closely miss the lemure. Your kick misses the lemure.
The lemure is almost dead.
You hit the orc. You burn the orc.
You kill the orc!
You barely miss the lemure. You hit the lemure but do no damage.
The lemure hits you but does no damage. x2; The lemure hits you.
You hit the lemure. You burn the lemure.
You kill the lemure!
That felt strangely unrewarding.
You hit the lemure. You burn the lemure. You closely miss the lemure.
The lemure barely misses you. The lemure hits you.
You hit the lemure but do no damage. You peck the lemure, but do no damage.
The lemure is lightly wounded.
You hit the lemure but do no damage. You hit Pikel but do no damage.
The lemure hits you but does no damage.
Pikel hits you with a +2 whip of freezing.
Pikel freezes you.
You miss the lemure. You claw the lemure. Your peck misses the lemure.
The lemure is moderately wounded.
You hit Pikel but do no damage. You hit the lemure. You burn the lemure.
The lemure barely misses you. The lemure closely misses you.
Pikel hits you but does no damage.
You completely miss the lemure.
The lemure is moderately wounded.
You hit the lemure but do no damage. You hit Pikel. You burn Pikel.
You hit the lemure. You burn the lemure. The lemure hits you.
The lemure hits you but does no damage. The lemure closely misses you.
Pikel hits you with a +2 whip of freezing.
Pikel freezes you.
You hit the lemure but do no damage. You punch the lemure.
The lemure is moderately wounded.
You barely miss the lemure. You barely miss Pikel. You closely miss the lemure.
The lemure hits you but does no damage. x2; The lemure hits you.
Pikel hits you with a +2 whip of freezing!
Pikel freezes you.
You die...

#.# ###.##.......... #.#
.....#####.....#....... #.#
..............+....### #.#
............##....# #.#
#...........##...## #.#
#...........####.# #.#
#...........'....#### #.#
#..K55......####..... #.#
########..)@5.....^...#..:..
#.#
#.....##....................
#.#
#.....##...........##+##.###
#.#
#.....##.................###
#.#
#..[..########.####.........
#.# #.....# #.# #.....###.
#.####.....########.# #.....
#. #...................#
#..... ##
######.....##########
#.........


You could see Pikel and 3 lemures.

Vanquished Creatures
  A phantom (D:5)
  A lemure (D:5)
  A howler monkey (D:4)
  A jelly (D:4)
  An orc priest (D:4)
  Jessica (D:2)
  An orc wizard (D:4)
  5 adders
  A shadow imp (D:5)
  3 worms
  6 dart slugs
  7 orcs
  7 ball pythons
  6 bats
  9 endoplasms
  4 giant cockroaches
  6 goblins
  7 hobgoblins
  15 jackals
  3 quokkas (D:3)
  4 frilled lizards
  5 kobolds
  6 rats
101 creatures vanquished.

Notes
Turn   | Place    | Note
-------+----------+-------------------------------------------
     0 | D:1      | qw the Tengu Warper began the quest for the Orb.
     0 | D:1      | Reached XP level 1. HP: 12/12 MP: 4/4
     0 | D:1      | 0 ||| qw: Version: 0.1-a-89-g26bdef1
     0 | D:1      | 0 ||| qw: Game counter: 2130
     0 | D:1      | 0 ||| qw: Always use a shield: true
     0 | D:1      | 0 ||| qw: God list: Okawaru
     0 | D:1      | 0 ||| qw: Allow faded altars: false
     0 | D:1      | 0 ||| qw: Do Orc after D:15 true
     0 | D:1      | 0 ||| qw: Do second Lair branch before Depths: true
     0 | D:1      | 0 ||| qw: Lair rune preference: random
     0 | D:1      | 0 ||| qw: Plans: Normal
     0 | D:1      | 0 ||| PLANNING D:1-11
    46 | D:1      | Reached XP level 2. HP: 9/17 MP: 6/6
   218 | D:1      | 218 ||| Stepping ~*~*~tactically~*~*~ (stealth).
   222 | D:1      | Reached skill level 3 in Axes
   294 | D:1      | HP: 3/17 [goblin/+0 dagger (3)]
   607 | D:1      | 607 ||| Stepping ~*~*~tactically~*~*~ (hiding).
   709 | D:1      | 709 ||| Stepping ~*~*~tactically~*~*~ (hiding).
   828 | D:1      | Reached XP level 3. HP: 21/21 MP: 7/7
   860 | D:1      | 860 ||| Stepping ~*~*~tactically~*~*~ (stealth).
   861 | D:1      | 861 ||| Stepping ~*~*~tactically~*~*~ (stealth).
  1024 | D:1      | Reached skill level 4 in Axes
  1200 | D:1      | 1200 ||| READING scroll labelled HOALUC VABLYXZINI.
  1201 | D:1      | 1201 ||| READING scroll labelled REGUNW NUNAD.
  1202 | D:1      | 1202 ||| DROPPING +0 club.
  1203 | D:1      | 1203 ||| DROPPING scroll of blinking.
  1244 | D:2      | Noticed Jessica
  1245 | D:2      | 1245 ||| Stepping ~*~*~tactically~*~*~ (hiding).
  1256 | D:2      | 1256 ||| FLEEEEING.
  1257 | D:2      | 1257 ||| FLEEEEING.
  1258 | D:2      | 1258 ||| FLEEEEING.
  1259 | D:2      | 1259 ||| FLEEEEING.
  1260 | D:2      | 1260 ||| FLEEEEING.
  1261 | D:2      | 1261 ||| FLEEEEING.
  1262 | D:2      | 1262 ||| FLEEEEING.
  1263 | D:2      | 1263 ||| FLEEEEING.
  1264 | D:2      | 1264 ||| FLEEEEING.
  1265 | D:2      | 1265 ||| FLEEEEING.
  1266 | D:2      | 1266 ||| FLEEEEING.
  1267 | D:2      | 1267 ||| FLEEEEING.
  1268 | D:2      | 1268 ||| STAIRDANCE
  1434 | D:2      | 1434 ||| Stepping ~*~*~tactically~*~*~ (hiding).
  1435 | D:2      | 1435 ||| Stepping ~*~*~tactically~*~*~ (stealth).
  1442 | D:2      | Killed Jessica
  1442 | D:2      | HP: 4/21 [frozen (5)]
  1443 | D:2      | Reached XP level 4. HP: 5/26 MP: 8/8
  1654 | D:2      | 1654 ||| FLEEEEING.
  1655 | D:2      | 1655 ||| FLEEEEING.
  1661 | D:2      | 1661 ||| STAIRDANCE
  1737 | D:2      | 1737 ||| Stepping ~*~*~tactically~*~*~ (stealth).
  1755 | D:2      | 1755 ||| Stepping ~*~*~tactically~*~*~ (stealth).
  1757 | D:2      | 1757 ||| Stepping ~*~*~tactically~*~*~ (stealth).
  1784 | D:2      | Reached skill level 5 in Axes
  1839 | D:2      | Found a faded altar of an unknown god.
  2584 | D:2      | 2584 ||| UPGRADING to +2 robe of fire resistance.
  2594 | D:2      | 2594 ||| DROPPING +0 leather armour.
  2595 | D:2      | 2595 ||| UPGRADING to +0 chain mail.
  2605 | D:2      | 2605 ||| DROPPING +2 robe of fire resistance.
  2606 | D:2      | 2606 ||| READING scroll labelled LONTUMP GELYA.
  2607 | D:2      | 2607 ||| READING 2 scrolls labelled ECWICLIUPT.
  2608 | D:2      | 2608 ||| READING scroll labelled TUFOUSUYRE.
  2609 | D:2      | 2609 ||| READING scroll labelled DAUSIETE YNAO.
  2613 | D:2      | 2613 ||| READING scroll labelled ISKUXZ FAENI.
  2665 | D:3      | 2665 ||| Stepping ~*~*~tactically~*~*~ (hiding).
  2673 | D:3      | 2673 ||| Stepping ~*~*~tactically~*~*~ (stealth).
  2687 | D:3      | 2687 ||| FLEEEEING.
  2688 | D:3      | 2688 ||| FLEEEEING.
  2689 | D:3      | 2689 ||| FLEEEEING.
  2690 | D:3      | 2690 ||| FLEEEEING.
  2691 | D:3      | 2691 ||| STAIRDANCE
  2779 | D:3      | 2779 ||| Stepping ~*~*~tactically~*~*~ (stealth).
  2999 | D:3      | Identified the +2 ring mail "Buhoojur" {rElec rN+ Dex+5}
  3014 | D:3      | Gained mutation: Your magical nature lets you fly swiftly
                  | and evasively. [Tengu growth]
  3014 | D:3      | Reached XP level 5. HP: 30/30 MP: 9/9
  3345 | D:3      | Found a runed translucent door.
  3346 | D:3      | Noticed Crazy Yiuf
  3533 | D:3      | 3533 ||| DROPPING +2 ring mail "Buhoojur" {rElec rN+
                  | Dex+5}.
  3534 | D:3      | 3534 ||| UPGRADING to ring of see invisible.
  3535 | D:3      | 3535 ||| UPGRADING to +4 ring of protection.
  3536 | D:3      | 3536 ||| READING scroll labelled BUAH CIUSARAO.
  3537 | D:3      | 3537 ||| READING scroll labelled NOUTAE FAR FABUI.
  3538 | D:3      | 3538 ||| DRINKING 2 brown potions.
  3539 | D:3      | 3539 ||| DRINKING 3 clear potions.
  3540 | D:3      | 3540 ||| READING 3 scrolls of identify.
  3540 | D:3      | 3540 ||| IDENTIFYING fuming golden potion
  3541 | D:3      | 3541 ||| READING 2 scrolls of identify.
  3541 | D:3      | 3541 ||| IDENTIFYING green potion
  3542 | D:3      | 3542 ||| DROPPING potion of lignification.
  3543 | D:3      | 3543 ||| DROPPING 2 potions of attraction.
  3567 | D:4      | Reached skill level 6 in Axes
  3567 | D:4      | 3567 ||| STAIRDANCE
  3670 | D:4      | 3670 ||| Stepping ~*~*~tactically~*~*~ (hiding).
  3931 | D:4      | 3931 ||| Stepping ~*~*~tactically~*~*~ (stealth).
  3933 | D:4      | 3933 ||| Stepping ~*~*~tactically~*~*~ (stealth).
  3940 | D:4      | 3940 ||| Stepping ~*~*~tactically~*~*~ (stealth).
  3943 | D:4      | 3943 ||| Stepping ~*~*~tactically~*~*~ (stealth).
  3946 | D:4      | 3946 ||| Stepping ~*~*~tactically~*~*~ (stealth).
  3947 | D:4      | 3947 ||| Stepping ~*~*~tactically~*~*~ (stealth).
  3948 | D:4      | 3948 ||| Stepping ~*~*~tactically~*~*~ (stealth).
  3957 | D:4      | Reached XP level 6. HP: 23/35 MP: 10/10
  3967 | D:4      | 3967 ||| Stepping ~*~*~tactically~*~*~ (stealth).
  4082 | D:4      | 4082 ||| Stepping ~*~*~tactically~*~*~ (hiding).
  4481 | D:4      | Reached skill level 7 in Axes
  4509 | D:4      | 4509 ||| UPGRADING to amulet of regeneration.
  4514 | D:4      | 4514 ||| DROPPING ring of wizardry.
  4515 | D:4      | 4515 ||| DROPPING ring of ice.
  4516 | D:4      | 4516 ||| READING scroll labelled EXOSUO JURELU.
  4534 | D:4      | 4534 ||| READING scroll labelled WEUT MIUQA.
  4535 | D:4      | 4535 ||| DRINKING 2 viscous black potions.
  4536 | D:4      | 4536 ||| DRINKING 2 puce potions.
  4537 | D:4      | 4537 ||| DRINKING 2 silvery potions.
  4538 | D:4      | 4538 ||| DRINKING 3 blue potions.
  4539 | D:4      | 4539 ||| READING 3 scrolls of identify.
  4539 | D:4      | 4539 ||| IDENTIFYING dark potion
  4540 | D:4      | 4540 ||| DROPPING potion of flight.
  4541 | D:4      | 4541 ||| DROPPING potion of ambrosia.
  4572 | D:5      | Entered Level 5 of the Dungeon
  4580 | D:5      | 4580 ||| Stepping ~*~*~tactically~*~*~ (hiding).
  4583 | D:5      | 4583 ||| Stepping ~*~*~tactically~*~*~ (hiding).
  4838 | D:5      | Reached skill level 3 in Fighting
  4995 | D:5      | Noticed Pikel
  5005 | D:5      | HP: 3/37 [Pikel/+2 whip of freezing (9)]
  5005 | D:5      | Slain by Pikel

Levels and vault maps discovered:
D:1:      ncdulo_lavacross, layout_rooms, corner_web_ring, patterned_corridor
D:2:      layout_loops_cross, chequers_ecumenical_altar_twisty,
          minmay_tetromino_i2, uniq_jessica
D:3:      layout_rooms, uniq_crazy_yiuf_cottage
D:4:      layout_basic
D:5:      cheibrodos_barr_body, layout_basic, uniq_pikel

Skill      XL: |  1  2  3  4  5  6 |
---------------+-------------------+-----
Axes           | 3 4 5 6 7 |  7.0
Armour         | 2 |  2.0
Fighting       | 3 |  3.1
Throwing       | |  1.0
Dodging        | |  2.1
Spellcasting   | |  2.0
Translocations | |  2.4

Action                   |  1- 3 |  4- 6 || total
-------------------------+-------+-------++-------
Melee: Hand axe          |    73 |   163 ||   236
       Peck              |    16 |    24 ||    40
       Kick              |    20 |    39 ||    59
       Punch             |       |     2 ||     2
Throw: Boomerang         |     7 |    30 ||    37
  Use: Scroll            |     2 |    12 ||    14
       Potion            |       |     6 ||     6
Armor: Leather armour    |    16 |     7 ||    23
       Chain mail        |       |    75 ||    75
Dodge: Dodged            |    37 |    47 ||    84

Table legend:
 A = Non-vault XP
 B = Vault XP
 C = Vault XP percentage of total XP
 D = Non-vault monster count
 E = Vault monster count
 F = Vault count percentage of total count
                 A         B        C        D         E       F
            +---------+---------+-------+---------+---------+-------
      Total |     538 |      43 |   7.4 |      97 |       3 |   3.0
            +---------+---------+-------+---------+---------+-------
        D:1 |      48 |       0 |   0.0 |      25 |       0 |   0.0
        D:2 |      52 |      43 |  45.3 |      22 |       3 |  12.0
        D:3 |      53 |       0 |   0.0 |      21 |       0 |   0.0
        D:4 |     257 |       0 |   0.0 |      24 |       0 |   0.0
        D:5 |     128 |       0 |   0.0 |       5 |       0 |   0.0
            +---------+---------+-------+---------+---------+-------
